 Dungeon Crawl Stone Soup version 0.24.0-35-gdb84b6a5db (webtiles) character file.

Game seed: 3156038412019123735, levelgen mode: deterministic

18198 Amplified the Carver (level 12, -2/168 HPs)
             Began as a Minotaur Venom Mage on Nov 20, 2019.
             Was a Believer of Qazlal.
             Slain by an ice devil (9 damage)
             ... on level 1 of the Lair of Beasts.
             The game lasted 00:23:46 (12401 turns).

Amplified the Carver (Minotaur Venom Mage)         Turns: 12401, Time: 00:23:46

Health: -2/168     AC: 29    Str: 16    XL:     12   Next: 25%
Magic:  3/17       EV:  2    Int: 12    God:    Qazlal [**....]
Gold:   130        SH:  3    Dex: 11    Spells: 9/13 levels left

rFire    . . .     SeeInvis .   r - +0 long sword
rCold    . . .     Gourm    .   (no shield)
rNeg     + + +     Faith    .   (armour currently unavailable)
rPois    +         Spirit   .   (helmet currently unavailable)
rElec    .         Reflect  .   (cloak currently unavailable)
rCorr    .         Harm     .   (gloves currently unavailable)
MR       .....     NoTele   +   (boots currently unavailable)
Stlth    +.........             y - amulet of the acrobat
HPRegen  0.38/turn              t - +3 ring of protection (curse)
MPRegen  0.15/turn              (no ring)

@: tree-form
A: (retaliatory headbutt), sense surroundings 1, weak 1
a: Upheaval, Renounce Religion


You were on level 1 of the Lair of Beasts.
You worshipped Qazlal.
Qazlal was pleased with you.
You were not hungry.
You were a tree.
You visited 3 branches of the dungeon, and saw 15 of its levels.

You collected 893 gold pieces.
You spent 763 gold pieces at shops.

Inventory:

Hand Weapons
 a - the +7 shortbow of Reinforcement {freeze, MR+}
   (You found it on level 11 of the Dungeon)

   It causes projectiles fired from it to freeze those they strike, causing
   extra injury to most foes and up to half again as much damage against
   particularly susceptible opponents.
   They can also slow down cold-blooded creatures.
   It affects your resistance to hostile enchantments.
 d - a +0 dagger
 r - a +0 long sword (weapon)
Missiles
 b - 360 stones
 e - 45 poisoned darts (quivered)
Armour
 h - a +0 hat (melded)
 k - the +2 ring mail of the Evil One {*Drain Dex+4 Stlth+}
   (You found it on level 4 of the Dungeon)

   It affects your dexterity (+4).
   It causes draining when unequipped.
   It makes you more stealthy.
 n - the +8 ring mail "Tefaeti" (melded) {+Inv MR+}
   (You bought it in a shop on level 7 of the Dungeon)

   It affects your resistance to hostile enchantments.
   It lets you turn invisible.
 q - +0 acid dragon scales
 A - a +0 cloak (melded)
 D - a +2 pair of gloves (melded)
Jewellery
 j - an uncursed amulet of magic regeneration
 t - a cursed +3 ring of protection (left branch)
 u - an uncursed ring of magical power
 v - an uncursed amulet of the gourmand
 y - an amulet of the acrobat (around neck)
 C - an uncursed ring of fire
 E - a +6 ring of dexterity
Wands
 l - a wand of enslavement (5)
 w - a wand of digging (3)
Scrolls
 g - 7 scrolls of teleportation
 i - 3 scrolls of remove curse
 o - 2 scrolls of enchant weapon
 p - 3 scrolls of amnesia
 x - a scroll of immolation
 B - a scroll of torment
Potions
 m - 3 potions of brilliance
Comestibles
 c - 25 rations
 F - 13 chunks of flesh


   Skills:
 + Level 11.8 Fighting
 - Level 3.9(9.1) Short Blades
 * Level 13.5(13.7) Long Blades
 - Level 6.0 Armour
 - Level 4.7 Dodging
 - Level 1.5 Stealth
 - Level 1.3 Spellcasting
 - Level 0.6 Conjurations
 - Level 2.1 Poison Magic
 * Level 8.9 Invocations
 - Level 5.8 Evocations


You had 9 spell levels left.
You knew the following spells:

 Your Spells              Type           Power        Failure   Level  Hunger
a - Sting                 Conj/Pois      #...         17%         1    ##.....
b - Mephitic Cloud        Conj/Pois/Air  #.......     52%         3    ####...

Your spell library contained the following spells:

 Spells                   Type           Power        Failure   Level  Hunger
 Flame Tongue             Conj/Fire      #....        26%         1    ##.....
 Beastly Appendage        Tmut           #.....       28%         1    ##.....
 Corona                   Hex            #......      28%         1    ##.....
 Summon Small Mammal      Summ           #...         28%         1    ##.....
 Poisonous Vapours        Pois/Air       #.....       28%         2    ###....
 Throw Flame              Conj/Fire      #.....       36%         2    ###....
 Call Imp                 Summ           #.......     41%         2    ###....
 Ensorcelled Hibernation  Hex/Ice        #.....       41%         2    ###....
 Sticks to Snakes         Tmut           #.......     41%         2    ###....
 Spider Form              Tmut/Pois      #.........   50%         3    ####...
 Conjure Flame            Conj/Fire      #.......     61%         3    ####...
 Dazzling Spray           Conj/Hex       #.....       61%         3    ####...
 Call Canine Familiar     Summ           #.......     65%         3    ####...
 Confuse                  Hex            #.......     65%         3    ####...
 Inner Flame              Hex/Fire       #.......     65%         3    ####...
 Summon Guardian Golem    Hex/Summ       #.......     65%         3    ####...
 Tukima's Dance           Hex            #.......     65%         3    ####...
 Olgreb's Toxic Radiance  Pois           #.......     75%         4    #####..
 Sticky Flame             Conj/Fire      #.......     95%         4    #####..
 Ice Form                 Ice/Tmut       #.......     96%         4    #####..
 Summon Ice Beast         Ice/Summ       #.......     96%         4    #####..
 Summon Lightning Spire   Summ/Air       #.......     96%         4    #####..
 Venom Bolt               Conj/Pois      #.........   99%         5    ######.
 Blade Hands              Tmut           #.........   100%        5    ######.
 Fireball                 Conj/Fire      #.........   100%        5    ######.


Dungeon Overview and Level Annotations

Branches:
Dungeon (12/15)            Temple (0/1) D:6            Lair (1/6) D:8
    Orc (2/2) D:11            Elf (0/3) Orc:2

Altars:
Dithmenos
Makhleb
Qazlal
Xom

Shops:
D:7 [   D:9 [

Portals:
Ice
Cave: Lair:1

Annotations:
D:10 2 transporters, pista233's ghost, journeyman TrMo


Innate Abilities, Weirdness & Mutations

((You reflexively headbutt those who attack you in melee.))
((You have a pair of horns on your head.))
((You are partially covered in slimy green scales. (AC +2)))
You passively map a small area around you.
You are weak. (Str -2)


Message History

You no longer feel jittery.
You feel healthier.
You feel less repulsive.
Your thinking seems confused.
Slimy green scales grow over part of your body.
You feel weaker.
You feel a strange attunement to the structure of the dungeons.
The ice devil hits you but does no damage.
Okay, then.
Okay, then.
Okay, then.
Quiver which item? (- for none, * to show all) (? for menu, Esc to quit)
Okay, then.
Okay, then.
You remove your +6 ring of dexterity.
You feel clumsy.
The ice devil hits you but does no damage.
You feel your magic capacity increase.
u - a ring of magical power (right branch)
You remove your ring of magical power.
You feel your magic capacity decrease. The ice devil hits you!
You die...

* ......#..#..t# ....#
....##......##...# * ,*
..#.....###......#.
#.......##......... * * #
#....(.........>.. , ,
#.###.##..######...... , ,
#...÷..........#...... ,
.......##..#......#.......
.....## #♣#...............
.... * #4#+###...........
... #(..# #...## * .., *
##(## ...# . , * (#* *
.... * , *, , (. ## , *
... .(.# *, ∩..#


You could see an ice devil.

Vanquished Creatures
  Gastronok (D:10)
  A centaur warrior (D:9)
  2 two-headed ogres
  A skeletal warrior (D:12)
  An orc sorcerer (Orc:1)
  2 ugly things (D:12)
  A cyclops (D:11)
  A gargoyle (D:10)
  An ice devil (Lair:1)
  A komodo dragon (D:8)
  2 trolls
  A hippogriff (D:10)
  A spriggan (D:8)
  2 shadows
  3 wraiths (D:12)
  A wyvern (D:11)
  10 yaks
  A warg (D:11)
  2 acid dragons
  12 orc warriors
  2 sky beasts
  An eye of draining (D:12)
  3 ice beasts
  3 phantoms
  A necrophage (D:5)
  A black bear (D:9)
  5 ogres
  4 centaurs
  3 crocodiles (Lair:1)
  A big kobold (D:11)
  9 bullfrogs
  Blork the orc (D:5)
  A wyvern skeleton (D:6)
  7 scorpions
  12 killer bees
  13 wights
  5 howler monkeys
  5 crimson imps
  4 centaur zombies
  2 quasits
  7 hounds
  2 jellies
  2 centaur skeletons
  A bullfrog skeleton (D:11)
  10 orc priests
  17 orc wizards
  Ijyb (D:3)
  5 iguanas
  10 worker ants
  Terence (D:3)
  A killer bee zombie (D:6)
  2 hound skeletons
  2 worker ant zombies
  5 gnolls
  7 adders
  3 shadow imps
  An adder zombie (D:8)
  An ooze (D:4)
  3 adder skeletons
  3 worms
  2 dart slugs (D:1)
  5 leopard geckos
  50 orcs
  3 ball pythons
  4 giant cockroaches
  8 goblins
  11 hobgoblins
  6 jackals
  13 kobolds
  4 quokkas
  9 bats
  4 frilled lizards
  A jackal zombie (D:6)
  A leopard gecko skeleton (D:6)
  3 quokka skeletons
  11 rats
349 creatures vanquished.

Vanquished Creatures (collateral kills)
  3 orcs (D:4)
  A quokka (D:4)
4 creatures vanquished.

Vanquished Creatures (others)
  A fungus (Lair:1)
  5 plants (D:8)
6 creatures vanquished.

Grand Total: 359 creatures vanquished

Notes
Turn   | Place    | Note
-------+----------+-------------------------------------------
     0 | D:1      | Amplified the Minotaur Venom Mage began the quest for the
                  | Orb.
     0 | D:1      | Reached XP level 1. HP: 14/14 MP: 1/1
   135 | D:1      | Reached skill level 1 in Fighting
   184 | D:1      | Reached skill level 1 in Armour
   197 | D:1      | Reached XP level 2. HP: 15/23 MP: 3/3
   300 | D:1      | Reached skill level 1 in Short Blades
   487 | D:1      | Reached XP level 3. HP: 18/29 MP: 4/4
  1343 | D:3      | Found a stormy altar of Qazlal.
  1541 | D:3      | Became a worshipper of Qazlal Stormbringer
  1689 | D:3      | Reached XP level 4. HP: 19/37 MP: 3/5
  2006 | D:3      | Learned a level 3 spell: Mephitic Cloud
  2225 | D:3      | Noticed Ijyb
  2233 | D:3      | Killed Ijyb
  2524 | D:3      | Noticed Terence
  2546 | D:3      | Killed Terence
  2546 | D:3      | Reached skill level 1 in Invocations
  2744 | D:4      | Got a faintly humming ring mail
  2755 | D:4      | Identified the +2 ring mail of the Evil One {*Drain Dex+4
                  | Stlth+} (You found it on level 4 of the Dungeon)
  2818 | D:4      | Reached XP level 5. HP: 43/45 MP: 6/6
  2924 | D:4      | Reached skill level 1 in Evocations
  2959 | D:4      | Reached XP level 6. HP: 32/51 MP: 7/7
  3195 | D:5      | Entered Level 5 of the Dungeon
  3263 | D:4      | Reached * piety under Qazlal
  3596 | D:5      | Noticed Blork the orc
  3609 | D:5      | Killed Blork the orc
  3609 | D:5      | Reached XP level 7. HP: 60/60 MP: 8/8
  3699 | D:5      | Reached skill level 1 in Long Blades
  3956 | D:5      | Reached skill level 2 in Long Blades
  3963 | D:5      | Reached skill level 5 in Fighting
  4401 | D:6      | Found a staircase to the Ecumenical Temple.
  4414 | D:6      | Reached skill level 3 in Long Blades
  4414 | D:6      | Reached XP level 8. HP: 58/69 MP: 8/10
  4447 | D:6      | Reached ** piety under Qazlal
  4480 | D:6      | Found a shadowy altar of Dithmenos.
  4710 | D:6      | Reached skill level 4 in Long Blades
  5015 | D:6      | Reached skill level 5 in Invocations
  5414 | D:6      | Reached skill level 5 in Long Blades
  5475 | D:6      | Reached XP level 9. HP: 60/79 MP: 11/11
  6103 | D:7      | Reached skill level 5 in Evocations
  6106 | D:7      | Found Jafos's Armour Emporium.
  6106 | D:7      | You fall into a shaft and drop 1 floor!
  6148 | D:8      | Reached skill level 6 in Long Blades
  6277 | D:8      | HP: 2/81 [ogre/cursed -2 giant club (28)]
  6379 | D:8      | Reached *** piety under Qazlal
  7209 | D:8      | Reached skill level 7 in Long Blades
  7214 | D:8      | Found a staircase to the Lair.
  7215 | D:8      | Noticed a komodo dragon
  7245 | D:8      | Killed a komodo dragon
  7520 | D:8      | Noticed a two-headed ogre
  7521 | D:8      | Killed a two-headed ogre
  7521 | D:8      | Reached skill level 8 in Long Blades
  7521 | D:8      | Reached XP level 10. HP: 91/91 MP: 13/13
  7635 | D:8      | Found a burning altar of Makhleb.
  7684 | D:9      | Found a shimmering altar of Xom.
  7684 | D:9      | Found a burning altar of Makhleb.
  8138 | D:9      | Reached skill level 9 in Long Blades
  8138 | D:9      | Reached skill level 5 in Armour
  8282 | D:9      | Noticed a centaur warrior
  8297 | D:9      | Killed a centaur warrior
  8421 | D:9      | Found Korus's Armour Boutique.
  8773 | D:10     | Entered Level 10 of the Dungeon
  8787 | D:10     | Reached skill level 10 in Long Blades
  8820 | D:10     | Noticed Gastronok
  8823 | D:10     | Noticed a gargoyle
  8924 | D:10     | You fall into a shaft and drop 2 floors!
  8944 | D:12     | Reached skill level 10 in Fighting
  9277 | D:11     | Reached XP level 11. HP: 85/100 MP: 14/14
  9350 | D:11     | Noticed a two-headed ogre
  9361 | D:11     | Killed a two-headed ogre
  9361 | D:11     | Reached skill level 11 in Long Blades
  9470 | D:11     | Got a shimmering shortbow
 10030 | D:11     | Reached **** piety under Qazlal
 10157 | D:11     | Found a staircase to the Orcish Mines.
 10177 | D:11     | Identified the +7 shortbow of Reinforcement {freeze, MR+}
                  | (You found it on level 11 of the Dungeon)
 10185 | Orc:1    | Entered Level 1 of the Orcish Mines
 10215 | Orc:1    | HP: 5/101 [orc priest/divine providence (15)]
 10231 | Orc:1    | Reached skill level 12 in Long Blades
 10408 | Orc:1    | Noticed an orc sorcerer
 10417 | Orc:1    | Killed an orc sorcerer
 10772 | Orc:2    | Entered Level 2 of the Orcish Mines
 10819 | D:10     | Found a transporter.
 10847 | D:10     | Noticed pista233's ghost (journeyman TrMo)
 10858 | D:10     | Found a transporter.
 10946 | D:10     | Killed Gastronok
 11412 | D:7      | Bought the +8 ring mail "Tefaeti" {+Inv MR+} for 763 gold
                  | pieces
 11905 | D:12     | Noticed a green ugly thing
 11948 | D:12     | Killed a green ugly thing
 11954 | D:12     | Reached skill level 13 in Long Blades
 11954 | D:12     | Reached XP level 12. HP: 76/110 MP: 0/17
 12246 | Lair:1   | Entered Level 1 of the Lair of Beasts
 12364 | Lair:1   | Found a frozen archway.
 12387 | Lair:1   | Gained mutation: You are surrounded by a mild repulsion
                  | field. (EV +2) [potion of mutation]
 12387 | Lair:1   | Gained mutation: You possess an exceptional clarity of
                  | mind. [potion of mutation]
 12387 | Lair:1   | Gained mutation: Your body sometimes deteriorates upon
                  | taking damage. [potion of mutation]
 12387 | Lair:1   | Gained mutation: You can translocate small distances at
                  | will. [potion of mutation]
 12396 | Lair:1   | HP: 5/168 [ice devil (23)]
 12398 | Lair:1   | Lost mutation: You can translocate small distances at will.
                  | [potion of mutation]
 12398 | Lair:1   | Lost mutation: Your body sometimes deteriorates upon taking
                  | damage. [potion of mutation]
 12398 | Lair:1   | Lost mutation: You are surrounded by a mild repulsion
                  | field. (EV +2) [potion of mutation]
 12398 | Lair:1   | Lost mutation: You possess an exceptional clarity of mind.
                  | [potion of mutation]
 12398 | Lair:1   | Gained mutation: You are partially covered in slimy green
                  | scales. (AC +2) [potion of mutation]
 12398 | Lair:1   | Gained mutation: You are weak. (Str -2) [potion of
                  | mutation]
 12398 | Lair:1   | Gained mutation: You passively map a small area around you.
                  | [potion of mutation]
 12401 | Lair:1   | Slain by an ice devil

Levels and vault maps discovered:
D:1:      sevenhm_arrival_forest_fort_large_4, layout_loops_ring
D:2:      layout_loops_cross, nicolae_overflow_hidden_temple
D:3:      layout_loops_ring, grunt_ministairs_4, grunt_qazlal_sundering,
          uniq_terence, uniq_ijyb
D:4:      layout_basic
D:5:      layout_rooms, first_ration, minmay_misc_feat_five, uniq_blork_the_orc
D:6:      minmay_razor_zed, layout_basic,
          nicolae_dithmenos_through_a_glass_darkly,
          minmay_temple_entry_statues_pillars, chequers_decorated_corner,
          st_stairs_12
D:7:      layout_rooms, serial_shops, shop
D:8:      layout_gridville, david_lair_shrubbed, basic_altar, the_bakery,
          minmay_tree_intersection, kennysheep_generic_room_4
D:9:      layout_cave_pools, grunt_temple_overflow_champion_of_chaos,
          serial_shops, nicolae_shop_stone, kennysheep_generic_room_5
D:10:     layout_small_grid, gammafunk_ghost_berserking_beasts, uniq_gastronok
D:11:     layout_gridville, erik_orc_3, hangedman_corner_corridor
D:12:     layout_basic, minmay_circle_x
Lair:1:   layout_misc_corridors, portal_ice_cave_demonic_guard,
          small_statue_intersection, grunt_forest_small_clearing_treed,
          infiniplex_staircase_pool
Orc:1:    layout_caves, serial_shops, shop
Orc:2:    st_orc_rangers, layout_caves

Skill      XL: |  1  2  3  4  5  6  7  8  9 10 11 |
---------------+----------------------------------+-----
Fighting       | 1 2 3 4 5 7 9 10 11 | 11.8
Armour         | 1 2 4 6 |  6.0
Short Blades   | 1 2 3 |  3.9
Invocations    | 1 2 4 5 6 8 |  8.9
Evocations     | 1 2 3 4 5 |  5.8
Long Blades    | 3 5 8 10 13 | 13.5
Dodging        | 3 4 |  4.7
Stealth        | |  1.5
Spellcasting   | |  1.3
Conjurations   | |  0.6
Poison Magic   | |  2.1

Action                   |  1- 3 |  4- 6 |  7- 9 | 10-12 || total
-------------------------+-------+-------+-------+-------++-------
Melee: Dagger            |   120 |   183 |       |       ||   303
       Unarmed           |     7 |       |       |       ||     7
       Headbutt          |    19 |    38 |    77 |   190 ||   324
       Long sword        |       |       |   320 |   618 ||   938
Throw: Stone             |     3 |       |     9 |       ||    12
       Dart              |       |       |     5 |    20 ||    25
 Cast: Sting             |    26 |     3 |     1 |       ||    30
Invok: Upheaval          |       |       |     1 |    27 ||    28
 Abil: Evoke Invisibilit |       |       |       |     1 ||     1
Evoke: Wand              |       |     4 |     8 |    11 ||    23
  Use: Scroll            |     4 |     3 |    15 |    10 ||    32
       Potion            |     5 |     3 |     5 |    14 ||    27
 Stab: Sleeping          |       |     2 |       |       ||     2
       Invisible         |       |       |       |     8 ||     8
  Eat: Ration            |     1 |     1 |       |     3 ||     5
       Chunk             |       |     3 |    13 |     9 ||    25
Armor: Robe              |    36 |       |       |       ||    36
       Leather armour    |     1 |     5 |       |       ||     6
       Scale mail        |       |    17 |       |       ||    17
       Ring mail         |       |    41 |   124 |   169 ||   334
       Skin              |       |       |       |    12 ||    12
Dodge: Dodged            |    87 |    78 |   209 |   294 ||   668
Block: Other             |       |     2 |    37 |    89 ||   128
       Rpst.: Long sword |       |       |    60 |    69 ||   129
